TOP OF THE 1ST |
New York Mets batting - Pitching for Montreal Expos : LHP Michael Steen
|
Pitching: LHP Michael Steen
|
|
Batting: RHB Ray Knight
|
0-0: Fly out, F7 (Flyball, 7LM, EV 88.1 MPH)
|
Batting: LHB Terry Kennedy
|
0-0: Ball 1-0: Swinging Strike 1-1: Ball 2-1: Foul Ball, location: 2F 2-2: Foul Ball, location: 2F 2-2: Foul Ball, location: 2F 2-2: Ball 3-2: Base on Balls
|
Batting: SHB Ken Singleton
|
0-0: Ball 1-0: Grounds into double play, 6-4-3 (Groundball, 6, EV 106.3 MPH)
|
Top of the 1st over - 0 runs, 0 hits, 0 errors, 0 left on base; New York 0 - Montreal 0 |
BOTTOM OF THE 1ST |
Montreal Expos batting - Pitching for New York Mets : RHP Pete Redfern
|
Pitching: RHP Pete Redfern
|
|
Batting: LHB Duane Walker
|
0-0: Fly out, F9 (Flyball, 9D, EV 88.1 MPH)
|
Batting: SHB Garry Templeton
|
0-0: Called Strike 0-1: Ball 1-1: Foul Ball, location: 2F 1-2: Ball 2-2: Ball 3-2: Fly out, F9 (Flyball, 9LM, EV 102.5 MPH)
|
Batting: LHB Kirk Gibson
|
0-0: Ball 1-0: Ball 2-0: Called Strike 2-1: Ball 3-1: Ground out U3 (Groundball, 34S, EV 87.5 MPH)
|
Bottom of the 1st over - 0 runs, 0 hits, 0 errors, 0 left on base; New York 0 - Montreal 0 |
TOP OF THE 2ND |
New York Mets batting - Pitching for Montreal Expos : LHP Michael Steen
|
Batting: RHB Garry Maddox
|
0-0: Ball 1-0: Fly out, F4 (Popup, 4, EV 60.6 MPH)
|
Batting: LHB John Kruk
|
0-0: Ball 1-0: Swinging Strike 1-1: Ball 2-1: Foul Ball, location: 2F 2-2: Ball 3-2: Foul Ball, location: 2F 3-2: Fly out, F7 (Flyball, 78D, EV 101.3 MPH)
|
Batting: RHB Dave Concepcion
|
0-0: Ground out 5-3 (Groundball, 56, EV 108.8 MPH)
|
Top of the 2nd over - 0 runs, 0 hits, 0 errors, 0 left on base; New York 0 - Montreal 0 |
BOTTOM OF THE 2ND |
Montreal Expos batting - Pitching for New York Mets : RHP Pete Redfern
|
Batting: RHB Dale Murphy
|
0-0: Called Strike 0-1: Ball 1-1: Foul Ball, location: 2F 1-2: Ball 2-2: Foul Ball, location: 2F 2-2: Ball 3-2: Foul Ball, location: 2F 3-2: Foul Ball, location: 2F 3-2: Strikes out swinging
|
Batting: RHB Dave Winfield
|
0-0: Fly out, F6 (Popup, 6, EV 55.6 MPH)
|
Batting: LHB Timnothy Meyer
|
0-0: Called Strike 0-1: SINGLE (Flyball, 3D, EV 82.5 MPH)
|
Batting: LHB Ernesto Quevedo
|
0-0: Foul Ball, location: 2F 0-1: Fly out, F7 (Line Drive, 7, EV 102.5 MPH)
|
Bottom of the 2nd over - 0 runs, 1 hit, 0 errors, 1 left on base; New York 0 - Montreal 0 |
TOP OF THE 3RD |
New York Mets batting - Pitching for Montreal Expos : LHP Michael Steen
|
Batting: RHB Rick Burleson
|
0-0: Called Strike 0-1: Foul Ball, location: 2F 0-2: Foul Ball, location: 2F 0-2: Strikes out looking
|
Batting: LHB Lyman Bostock
|
0-0: Ball 1-0: Called Strike 1-1: Foul Ball, location: 2F 1-2: Foul Ball, location: 2F 1-2: Ball 2-2: Ball 3-2: Strikes out looking
|
Batting: RHB Pete Redfern
|
0-0: Called Strike 0-1: Called Strike 0-2: Ground out 5-3 (Groundball, 56S, EV 81.9 MPH)
|
Top of the 3rd over - 0 runs, 0 hits, 0 errors, 0 left on base; New York 0 - Montreal 0 |
BOTTOM OF THE 3RD |
Montreal Expos batting - Pitching for New York Mets : RHP Pete Redfern
|
Batting: SHB Biff Pocoroba
|
0-0: Called Strike 0-1: SINGLE (Groundball, 34D, EV 103.8 MPH)
|
Batting: RHB Michael Steen
|
0-0: Bunted foul 0-1: Sac Bunt to 13 - play at first, batter OUT! 1-4 Biff Pocoroba to second
|
Batting: LHB Duane Walker
|
0-0: Foul Ball, location: 2F 0-1: Foul Ball, location: 2F 0-2: Ball 1-2: Ball 2-2: Ball 3-2: Ground out 1-3 (Groundball, 13, EV 65.6 MPH) Biff Pocoroba to third
|
Batting: SHB Garry Templeton
|
0-0: Called Strike 0-1: Ball 1-1: Ball 2-1: Ground out 6-3 (Groundball, 6, EV 86.9 MPH)
|
Bottom of the 3rd over - 0 runs, 1 hit, 0 errors, 1 left on base; New York 0 - Montreal 0 |
TOP OF THE 4TH |
New York Mets batting - Pitching for Montreal Expos : LHP Michael Steen
|
Batting: RHB Ray Knight
|
0-0: Foul Ball, location: 2F 0-1: Ground out 6-3 (Groundball, 6M, EV 92.5 MPH)
|
Batting: LHB Terry Kennedy
|
0-0: Fly out, F7 (Flyball, 78M, EV 90.0 MPH)
|
Batting: SHB Ken Singleton
|
0-0: Ball 1-0: Fly out, F8 (Flyball, 8RM, EV 74.4 MPH)
|
Top of the 4th over - 0 runs, 0 hits, 0 errors, 0 left on base; New York 0 - Montreal 0 |
BOTTOM OF THE 4TH |
Montreal Expos batting - Pitching for New York Mets : RHP Pete Redfern
|
Batting: LHB Kirk Gibson
|
0-0: Foul Ball, location: 2F 0-1: Ball 1-1: Ball 2-1: Ball 3-1: SOLO HOME RUN (Line Drive, 89XD, EV 103.1 MPH), Distance : 425 ft
|
Batting: RHB Dale Murphy
|
0-0: Foul Ball, location: 2F 0-1: Foul Ball, location: 2F 0-2: SOLO HOME RUN (Flyball, 7LD, EV 87.5 MPH), Distance : 361 ft
|
Batting: RHB Dave Winfield
|
0-0: Foul Ball, location: 2F 0-1: Swinging Strike 0-2: Strikes out swinging
|
Batting: LHB Timnothy Meyer
|
0-0: Foul Ball, location: 2F 0-1: SINGLE (Groundball, 6MD, EV 111.3 MPH)
|
Batting: LHB Ernesto Quevedo
|
0-0: Called Strike 0-1: Ball 1-1: DOUBLE (Line Drive, 9LM, EV 103.1 MPH) Timnothy Meyer to third Runner from 3rd tries for Home, SAFE, no throw by RF
|
Batting: SHB Biff Pocoroba
|
0-0: Fly out, F7 (Flyball, 78M, EV 92.5 MPH)
|
Batting: RHB Michael Steen
|
0-0: Swinging Strike 0-1: SINGLE (Groundball, 56D, EV 100.0 MPH) Ernesto Quevedo to third Runner from 3rd tries for Home, SAFE, throw by LF to home
|
Batting: LHB Duane Walker
|
0-0: Called Strike 0-1: Ball 1-1: Called Strike 1-2: Ball 2-2: Strikes out swinging
|
Bottom of the 4th over - 4 runs, 5 hits, 0 errors, 1 left on base; New York 0 - Montreal 4 |
TOP OF THE 5TH |
New York Mets batting - Pitching for Montreal Expos : LHP Michael Steen
|
Batting: RHB Garry Maddox
|
0-0: Swinging Strike 0-1: Ball 1-1: SINGLE (Line Drive, 7LS, EV 108.1 MPH)
|
Batting: LHB John Kruk
|
0-0: Called Strike 0-1: Ball 1-1: Ball 2-1: Foul Ball, location: 2F 2-2: Ground out 4-3 (Groundball, 34, EV 80.0 MPH) Garry Maddox to second
|
Batting: RHB Dave Concepcion
|
0-0: SINGLE (Line Drive, 56D, EV 96.3 MPH) Garry Maddox to third Runner from 3rd tries for Home, SAFE, throw by LF to home
|
Batting: RHB Rick Burleson
|
0-0: Ball 1-0: Foul Ball, location: 2F 1-1: Ball 2-1: Swinging Strike 2-2: Ball 3-2: Strikes out swinging Dave Concepcion is caught stealing 2nd base 2-4 Batter strikes out.
|
Top of the 5th over - 1 run, 2 hits, 0 errors, 0 left on base; New York 1 - Montreal 4 |
BOTTOM OF THE 5TH |
Montreal Expos batting - Pitching for New York Mets : RHP Pete Redfern
|
Batting: SHB Garry Templeton
|
0-0: SINGLE (Groundball, 6MD, EV 97.5 MPH)
|
Batting: LHB Kirk Gibson
|
0-0: Ball 1-0: Called Strike 1-1: SINGLE (Groundball, 3, EV 92.5 MPH) (infield hit) Garry Templeton to second
|
Batting: RHB Dale Murphy
|
0-0: Grounds into double play, 4-6-3 (Groundball, 4, EV 82.5 MPH) Garry Templeton to third
|
Batting: RHB Dave Winfield
|
0-0: Ball 1-0: Ball 2-0: Called Strike 2-1: Ball 3-1: Called Strike 3-2: Strikes out looking
|
Bottom of the 5th over - 0 runs, 2 hits, 0 errors, 1 left on base; New York 1 - Montreal 4 |
TOP OF THE 6TH |
New York Mets batting - Pitching for Montreal Expos : LHP Michael Steen
|
Batting: LHB Lyman Bostock
|
0-0: Ball 1-0: Swinging Strike 1-1: Fly out, F6 (Flyball, 6MD, EV 89.4 MPH)
|
Batting: RHB Pete Redfern
|
0-0: Ball 1-0: Swinging Strike 1-1: Ball 2-1: Called Strike 2-2: Foul Ball, location: 2F 2-2: Ball 3-2: Strikes out looking
|
Batting: RHB Ray Knight
|
0-0: Fly out, F7 (Flyball, 7LM, EV 94.4 MPH)
|
Top of the 6th over - 0 runs, 0 hits, 0 errors, 0 left on base; New York 1 - Montreal 4 |
BOTTOM OF THE 6TH |
Montreal Expos batting - Pitching for New York Mets : RHP Pete Redfern
|
Batting: LHB Timnothy Meyer
|
0-0: Called Strike 0-1: Ball 1-1: Ball 2-1: Fly out, F7 (Flyball, 7LS, EV 84.4 MPH)
|
Batting: LHB Ernesto Quevedo
|
0-0: Ball 1-0: Foul Ball, location: 2F 1-1: Ball 2-1: Foul Ball, location: 2F 2-2: Ball 3-2: Fly out, F8 (Flyball, 8LD, EV 104.4 MPH)
|
Batting: SHB Biff Pocoroba
|
0-0: Foul Ball, location: 2F 0-1: Ball 1-1: Ground out 6-3 (Groundball, P, EV 81.3 MPH)
|
Bottom of the 6th over - 0 runs, 0 hits, 0 errors, 0 left on base; New York 1 - Montreal 4 |
TOP OF THE 7TH |
New York Mets batting - Pitching for Montreal Expos : LHP Michael Steen
|
Batting: LHB Terry Kennedy
|
0-0: Called Strike 0-1: SINGLE (Groundball, 34D, EV 97.5 MPH)
|
Batting: SHB Ken Singleton
|
0-0: Foul Ball, location: 2F 0-1: Grounds into double play, 4-6-3 (Groundball, 4M, EV 86.9 MPH)
|
Batting: RHB Garry Maddox
|
0-0: Ball 1-0: Ball 2-0: Fly out, F9 (Flyball, 9LM, EV 93.1 MPH)
|
Top of the 7th over - 0 runs, 1 hit, 0 errors, 0 left on base; New York 1 - Montreal 4 |
BOTTOM OF THE 7TH |
Montreal Expos batting - Pitching for New York Mets : RHP Pete Redfern
|
Batting: RHB Michael Steen
|
0-0: Called Strike 0-1: Fly out, F4 (Popup, 34S, EV 78.1 MPH)
|
Batting: LHB Duane Walker
|
0-0: Foul Ball, location: 2F 0-1: Foul Ball, location: 2F 0-2: Ball 1-2: Foul Ball, location: 2F 1-2: Strikes out swinging
|
Batting: SHB Garry Templeton
|
0-0: Called Strike 0-1: Ball 1-1: Ground out 5-3 (Groundball, 56S, EV 84.4 MPH)
|
Bottom of the 7th over - 0 runs, 0 hits, 0 errors, 0 left on base; New York 1 - Montreal 4 |
TOP OF THE 8TH |
New York Mets batting - Pitching for Montreal Expos : LHP Michael Steen
|
Batting: LHB John Kruk
|
0-0: Ball 1-0: Swinging Strike 1-1: Foul Ball, location: 2F 1-2: Strikes out swinging, 2-3 out at first.
|
Batting: RHB Dave Concepcion
|
0-0: Ball 1-0: Swinging Strike 1-1: Called Strike 1-2: Ball 2-2: Ground out 5-3 (Groundball, 25, EV 79.4 MPH)
|
Batting: RHB Rick Burleson
|
0-0: Ball 1-0: Ball 2-0: Foul Ball, location: 2F 2-1: Ball 3-1: Base on Balls
|
Batting: LHB Lyman Bostock
|
0-0: Called Strike 0-1: Ball 1-1: Ball 2-1: Fly out, F8 (Flyball, 8LD, EV 89.4 MPH)
|
Top of the 8th over - 0 runs, 0 hits, 0 errors, 1 left on base; New York 1 - Montreal 4 |
BOTTOM OF THE 8TH |
Montreal Expos batting - Pitching for New York Mets : RHP Pete Redfern
|
Batting: LHB Kirk Gibson
|
0-0: Ball 1-0: Swinging Strike 1-1: Ball 2-1: Ball 3-1: Fly out, F8 (Flyball, 89D, EV 97.5 MPH)
|
Batting: RHB Dale Murphy
|
0-0: Ball 1-0: Called Strike 1-1: Called Strike 1-2: Strikes out swinging
|
Batting: RHB Dave Winfield
|
0-0: Ball 1-0: Ball 2-0: Foul Ball, location: 2F 2-1: Foul Ball, location: 2F 2-2: Fly out, F7 (Line Drive, 7, EV 105.0 MPH)
|
Bottom of the 8th over - 0 runs, 0 hits, 0 errors, 0 left on base; New York 1 - Montreal 4 |
TOP OF THE 9TH |
New York Mets batting - Pitching for Montreal Expos : LHP Michael Steen
|
Now at 2B: Alex Ortiz
|
|
Now in LF: Guonçalo Fernandes
|
|
Now in RF: Luis Sanchez
|
|
Pinch Hitting: RHB Gary Redus
|
0-0: Called Strike 0-1: Ball 1-1: Ball 2-1: Called Strike 2-2: Ball 3-2: Strikes out swinging
|
Batting: RHB Ray Knight
|
0-0: Ball 1-0: Ball 2-0: Called Strike 2-1: Ball 3-1: Foul Ball, location: 2F 3-2: Strikes out swinging
|
Batting: LHB Terry Kennedy
|
0-0: Called Strike 0-1: Ball 1-1: Fly out, F8 (Flyball, 8RD, EV 100.0 MPH)
|
Top of the 9th over - 0 runs, 0 hits, 0 errors, 0 left on base; New York 1 - Montreal 4 |
|